 Dungeon Crawl Stone Soup version 0.27-a0-633-gc6addc0a40 (webtiles) character file.

Game seed: 12426371061683539835

87 jasper the Chopper (level 4, -4/40 HPs)
             Began as a Hill Orc Fighter on Mar 13, 2021.
             Killed by nerve-wracking pain
             ... invoked by Grinder
              (14 damage)
             ... on level 3 of the Dungeon.
             The game lasted 00:02:25 (1504 turns).

jasper the Chopper (Hill Orc Fighter)               Turns: 1504, Time: 00:02:26

Health: -4/40      AC:  9    Str: 18    XL:     4   Next: 51%
Magic:  4/4        EV:  5    Int:  9    God:
Gold:   102        SH:  9    Dex: 10    Spells: 3/3 levels left

rFire    . . .     SeeInvis .   a - +0 war axe
rCold    . . .     Faith    .   c - +0 kite shield
rNeg     . . .     Spirit   .   j - +0 chain mail
rPois    .         Reflect  .   (no helmet)
rElec    .         Harm     .   (no cloak)
rCorr    .         Rampage  .   (no gloves)
Will     .....                  (no boots)
Stlth    ..........             (no amulet)
HPRegen  0.13/turn              (no ring)
MPRegen  0.09/turn              (no ring)

@: no status effects
A: no striking features
a: no special abilities


You were on level 3 of the Dungeon.
You visited 1 branch of the dungeon, and saw 3 of its levels.

You collected 102 gold pieces.

Inventory:

Hand Weapons
 a - a +0 war axe (weapon)
Missiles
 d - 3 stones (quivered)
Armour
 b - a +0 scale mail
 c - a +0 kite shield (worn)
 j - a +0 chain mail (worn)
Scrolls
 f - 3 scrolls of identify {unknown}
 g - 2 scrolls of enchant weapon {unknown}
 h - a scroll of blinking {unknown}
 k - 2 scrolls of teleportation {unknown}
 l - a scroll of enchant armour {unknown}
 m - a scroll of fear {unknown}
Potions
 i - a potion of lignification {unknown}
 n - a potion of attraction {unknown}


   Skills:
 + Level 4.2 Fighting
 * Level 4.4 Axes
 + Level 3.8 Armour
 + Level 3.9 Shields


You had 3 spell levels left.
You didn't know any spells.
Your spell library was empty.

Dungeon Overview and Level Annotations

Branches:
Dungeon (3/15)

Altars:
Ashenzari

Annotations:
D:3 Grinder


Message History

You resist with significant effort. Grinder gestures at you.
Pain shoots through your body!
You take 6 damage, and have 25/40 hp.
It was a potion of heal wounds.
You feel much better. You block Grinder's attack.
Health restored: 40 You hit Grinder.
Grinder is lightly wounded.
You block Grinder's attack. Grinder hits you.
You take 1 damage, and have 39/40 hp.
You slash Grinder!
Grinder is heavily wounded.
Grinder gestures at you.
You suddenly lose the ability to move!
Grinder gestures at you. Pain shoots through your body!
Grinder says, "You look like you could use a good racking."
Grinder hits you.
You can move again.
You take 11 damage, and have 28/40 hp.
MASSIVE DAMAGE!!
Unknown command.
Unknown command.
You slash Grinder!
Grinder is almost dead.
Grinder gestures at you.
You barely resist. Grinder hits you!
You take 8 damage, and have 20/40 hp.
You hit Grinder.
Grinder is almost dead.
Grinder gestures at you. Pain shoots through your body!
* * * LOW HITPOINT WARNING * * *
You take 11 damage, and have 9/40 hp.
MASSIVE DAMAGE!!
Okay, then.
You closely miss Grinder.
Grinder is almost dead.
Grinder gestures at you. Pain shoots through your body!
You die...

..# ######.........
#### ###
#............#.
##.###.####.......#
##.#.##.####.........
#.###...##...#######.
#..#....##.#.#
##.#.#.#.##.#.#
#.#####.......# #.#
#@5.....# #.##
##.......#
##.###.#......#
#............#
#....##......#
#..####.######
#..####.# #.......###
##........#


You could see Grinder.

Vanquished Creatures
  A bullfrog skeleton (D:2)
  An adder (D:3)
  2 leopard geckos
  5 orcs (D:3)
  A giant cockroach (D:1)
  4 goblins (D:1)
  7 hobgoblins
  7 kobolds
  A ball python (D:1)
  4 bats
  4 frilled lizards (D:1)
  5 rats (D:1)
42 creatures vanquished.

Notes
Turn   | Place    | Note
-------+----------+-------------------------------------------
     0 | D:1      | jasper the Hill Orc Fighter began the quest for the Orb.
     0 | D:1      | Reached XP level 1. HP: 19/19 MP: 1/1
   340 | D:1      | Reached XP level 2. HP: 27/27 MP: 2/2
   844 | D:1      | Reached XP level 3. HP: 33/33 MP: 3/3
   983 | D:2      | Reached XP level 4. HP: 39/40 MP: 4/4
  1335 | D:3      | Found a broken altar of Ashenzari.
  1362 | D:3      | Noticed a kobold brigand
  1479 | D:3      | Noticed Grinder
  1487 | D:3      | Paralysed by Grinder for 7 turns
  1499 | D:3      | Paralysed by Grinder for 3 turns
  1504 | D:3      | Killed from afar by Grinder

Illustrated notes

Levels and vault maps discovered:
D:1:      dpeg_cavernosity, layout_basic, serial_forest,
          infiniplex_forest_lined_room_, infiniplex_forest_straight_2,
          infiniplex_forest_straight_3, infiniplex_forest_straight_1
D:2:      layout_basic, chequers_jeans
D:3:      cheibrodos_thug_alley, layout_loops_cross, overflow_temple_1_default,
          uniq_grinder, uniq_natasha

Skill      XL: |  1  2  3 |
---------------+----------+-----
Axes           | 3 4 |  4.4
Fighting       | 4 |  4.2
Armour         | |  3.8
Shields        | |  3.9

Action                   |  1- 3 |  4- 6 || total
-------------------------+-------+-------++-------
Melee: War axe           |    67 |    47 ||   114
Throw: Stone             |       |     3 ||     3
  Use: Potion            |     1 |     1 ||     2
Armor: Scale mail        |     4 |       ||     4
       Chain mail        |    40 |    23 ||    63
Dodge: Dodged            |    17 |    13 ||    30
Block: Kite shield       |    37 |    19 ||    56

Table legend: (Time is in decaauts)
 A = Elapsed time spent in this place.
 B = Non-inter-level travel time spent in this place.
 C = Inter-level travel time spent in this place.
 D = Time resting spent in this place.
 E = Time spent auto-exploring this place.
 F = Levels seen in this place.
 G = Mean time per level.
                   A        B        C        D        E       F      G
               +--------+--------+--------+--------+--------+-----+--------+
         Total |   1568 |   1535 |     33 |    199 |    976 |   3 |  522.7 |
       Dungeon |   1568 |   1535 |     33 |    199 |    976 |   3 |  522.7 |
               +--------+--------+--------+--------+--------+-----+--------+

Top non-repeatable levels by time:
     D:1: 927 daAuts
     D:3: 517 daAuts
     D:2: 123 daAuts
